 Dungeon Crawl Stone Soup version 0.31-a0-182-gc5ef74bbde (webtiles) character file.

Game seed: 8587005213201837184

35 mopl the Magician (level 3, 0/21 HPs)
             Began as an Octopode Hedge Wizard on June 21, 2023.
             Succumbed to a goblin's poison
             ... on level 2 of the Dungeon.
             The game lasted 00:01:57 (1217 turns).

mopl the Magician (Octopode Hedge Wizard)           Turns: 1217, Time: 00:01:58

Health: 0/21       AC:  1    Str:  9    XL:     3   Next: 35%
Magic:  7/7        EV: 13    Int: 18    God:
Gold:   40         SH:  0    Dex: 11    Spells: 2/8 levels left

rFire   . . .        (no weapon)
rCold   . . .        (no shield)
rNeg    . . .        b - +0 hat
rPois   .            (no amulet)
rElec   .            (no ring)
rCorr   .            (no ring)
SInv    .            (no ring)
Will    .....        (no ring)
Stlth   +++          (no ring)
HPRegen 0.23/turn    (no ring)
MPRegen 0.10/turn    (no ring)
                     (no ring)

%: no passive effects
@: lethally poisoned (0 -> -2)
A: almost no armour, amphibious, 8 rings, camouflage 1, gelatinous body 1,
(nimble swimmer 1), tentacles
a: no special abilities


You were on level 2 of the Dungeon.
You visited 1 branch of the dungeon, and saw 2 of its levels.

You collected 40 gold pieces.

Inventory:

Hand Weapons
 a - a +2 dagger of venom
Missiles
 g - 2 javelins
Armour
 b - a +0 hat (worn)
Scrolls
 d - 5 scrolls of identify
 h - a scroll of teleportation
Potions
 c - 2 potions of magic
 f - a potion of attraction


   Skills:
 - Level 2.0 Dodging
 - Level 2.6 Stealth
 + Level 3.3 Spellcasting
 + Level 1.9 Conjurations
 - Level 1.0 Summonings
 + Level 1.8 Translocations
 + Level 0.4 Poison Magic


You had 2 spell levels left.
You knew the following spells:

 Your Spells              Type           Power      Damage    Failure   Level
a - Magic Dart            Conj           40%        1d5       7%          1
c - Mephitic Cloud        Conj/Pois/Air  5%         N/A       34%         3
e - Blink                 Tloc           18%        N/A       11%         2

Your spell library contained the following spells:

 Spells                   Type           Power      Damage    Failure   Level
 Slow                     Hex            12%        N/A       16%         1
 Call Imp                 Summ           12%        N/A       16%         2
 Cigotuvi's Dreadful Rot  Necr/Pois/Air  6%         N/A       22%         2


Dungeon Overview and Level Annotations

Branches:
Dungeon (2/15)

Altars:


Innate Abilities, Weirdness & Mutations

You cannot wear most types of armour.
You are amphibious.
You can wear up to eight rings at the same time.
Your skin changes colour to match your surroundings (Stealth+).
Your rubbery body absorbs attacks. (AC +1, EV +1)
((You are camouflaged when in or above water. (Stealth+)))
You have tentacles for arms and can constrict up to eight enemies at once.


Message History

The goblin hits you with a +2 dagger of venom.
You are lethally poisoned!
You hit the goblin. You drain the goblin.
You kill the goblin!
You feel very sick.
No target in view!
No target in view!
No target in view!
No target in view!
No target in view!
There is a lethal amount of poison in your body!
You are now empty-tentacled.
You drop a +0 dagger of draining.
You feel very sick.
* * * LOW HITPOINT WARNING * * *
You feel very sick.
You see here a +2 dagger of venom.
a - a +2 dagger of venom
* * * LOW HITPOINT WARNING * * *
You feel sick.
It was a potion of attraction.
You feel attractive to monsters.
* * * LOW HITPOINT WARNING * * *
You feel sick.
It was a potion of lignification.
You turn into a tree.
Your +0 hat melds into your body.
Your roots penetrate the ground.
* * * LOW HITPOINT WARNING * * *
You feel sick.
There is a lethal amount of poison in your body!
It was a potion of cancellation.
Your magical effects are unravelling.
You feel magically purged.
You feel less wooden.
Your +0 hat unmelds from your body.
* * * LOW HITPOINT WARNING * * *
You feel sick.
You feel less attractive to monsters.
Okay, then.
As you read the scroll labelled HICAOL NUTH, it crumbles to dust.
It is a scroll of identify.
h - a scroll of teleportation You die...

############# .............
...###.....#####
.........@)......####
#....###.....###....# ##..#
#....# ####### ####.## #....#
#....######### #..# #....#
#....~~~~~~~~#### ##.#
#8..8###~~~~~≈≈≈≈≈≈~~~~####.#
#8..8~~~~≈≈≈≈≈≈≈≈≈≈≈≈≈~~~##.##
#~..~~≈≈≈≈≈≈≈~~~~~~≈≈≈≈≈~~~..##
~~..≈≈≈≈≈~~~~~####~~~~≈≈≈≈~~..##.


There were no monsters in sight!

Vanquished Creatures
  An adder (D:2)
  A dart slug (D:2)
  2 bats
  2 endoplasms (D:2)
  2 giant cockroaches (D:1)
  A hobgoblin (D:1)
  2 jackals (D:1)
  2 ball pythons
  5 goblins
  5 kobolds
  A rat (D:2)
24 creatures vanquished.

Notes
Turn   | Place    | Note
-------+----------+-------------------------------------------
     0 | D:1      | mopl the Octopode Hedge Wizard began the quest for the Orb.
     0 | D:1      | Reached XP level 1. HP: 11/11 MP: 4/4
    50 | D:1      | You fall into a shaft and drop 1 floor!
    89 | D:2      | Reached XP level 2. HP: 17/17 MP: 6/6
    96 | D:2      | Learned a level 2 spell: Blink
   184 | D:2      | Found a faded altar of an unknown god.
   325 | D:1      | Reached XP level 3. HP: 19/21 MP: 7/7
   329 | D:1      | Learned a level 3 spell: Mephitic Cloud
  1216 | D:2      | HP: 1/21 [poisoned by a goblin]
  1217 | D:2      | Succumbed to a goblin's poison

Illustrated notes

Levels and vault maps discovered:
D:1:      lightli_arrival_quake, layout_rooms, kennysheep_minor_cross
D:2:      wander_river, layout_basic, hellmonk_ecumenical_altar_heavens_door

Action                     || total
---------------------------++-------
  Melee: Dagger            ||    48
         Constrict         ||    15
         Tentacles         ||     8
    Use: Potion            ||     3
         Scroll            ||     1
   Stab: Sleeping          ||     7
 Armour: Skin              ||     2
  Dodge: Dodged            ||    18

Table legend: (Time is in decaauts)
 A = Elapsed time spent in this place.
 B = Non-inter-level travel time spent in this place.
 C = Inter-level travel time spent in this place.
 D = Time resting spent in this place.
 E = Time spent auto-exploring this place.
 F = Levels seen in this place.
 G = Mean time per level.
                   A        B        C        D        E       F      G
               +--------+--------+--------+--------+--------+-----+--------+
         Total |   1217 |   1193 |     24 |     76 |    905 |   2 |  608.5 |
       Dungeon |   1217 |   1193 |     24 |     76 |    905 |   2 |  608.5 |
               +--------+--------+--------+--------+--------+-----+--------+

Top non-repeatable levels by time:
     D:2: 686 daAuts
     D:1: 530 daAuts
